Unix NetHack Version 3.7.0-88 Work-in-progress - last build Aug 21 2023 04:08:40 (b68ccb3e4f8f5dcb83e1e40b1ff56e7dffd4cd28,branch:master). Game began 2023-08-20 20:32:51, ended 2023-08-27 17:28:34. grux, lawful female human Valkyrie }}}}}}}}}}}}}}}}}}}}}}}}}}}}}}}}}}}}}}}}}}}}}}}}}}}}}}}}}}}}}}}}}}}}}}}}}}}} }}}}}-----}}}}}}}}}}}.....}}}..}}}}}}}}}}}}}}}}}}}}}}}.@.....)}}}}}}}}}}}}}} }}}}}|....}}}}}}}.#....}}}}...---..}}}}}}}}}}}}}}}}.....-#----------..}}}}}} }}})^...<|}}}}......}}}}}}}.}}|.....}}...}}}}}}}....}}}}|......#...|[....}}} }}}}}.----}}}}}}}}.}}}}}}}}}}}|...|}}}}.....}}}}}}}}}}}}|...{..|...-.....}}} }}}}...}}}}}..}}}}}}}}}}}}}.......|}}}}}}......}}}}}}}}}|*.....|...|..(...}} }}}}}.}}}}......}}}}}}}....O}}-----}}}....}}}....}}}}}---#-%...|-[--#--%--}} }}}}}}}.#....}}}}}}}}....}}}}}}}}}}}}}}}}}}}}..}}}}}}}|}}}|..*.|...|}}...| } }}..}}N...}}}}}}}}}}}}}}}}}}}}}}.p.}}}}}}}}}}}}}}%(}}}}}}D#....-.*.#}}@>.| }}}.(...}}}}}}}}}}}}}}}}}...}}}}}...}}}....}}}}}}....}|}}}|S...|...|};...| }}}}}}}}}}}}}}}}}}}}}}}}---....}}}}...#.}}}}}}}}}}....---#-....|-|--#--+-- }}}}}}}}}}}}}}.}}}}}}}}}|.....}}}}}}}....}}}}}}}}}.}}}}}|......|...|. }}}}...}}}}..)q.[}}}}}}}|..|.}}}}}}}}}}}}}}}}}}}}}}}}}}.|.j.{..|.*.+. }}}}}m...}}}}}}....}}}}}|Y--}}}}}}}}}}---..}}}}}}}}}}...|......#...|. }}}}}}..}}}}}}...}}}}}}...}}}}}}}}}}}}|...|}}}}}}}}}....-#----------} }} }}}}}....}}}}.}...}..}}}}}}}}}}}}}}..%....|.}}}}}...#..............}}}}}}}}} }}}}...}}}}}}}}}.......}}}}}}}}}}}}}}.|.......}}}}}...}...}}}}....}}}}}}}}}} }}}}}}}}}}..}}}...#..}}}}}}..}}}}}}}}.--..-}}}}}}}}}}.}}}}}}}}}}.*}}}}}}}}}} }}}}}}}}...}}}..}}}.}}}}}}}....}}}}}}}...}}}}}}}}}}}}}}}}}}}}}}}...}}}}}}}}} }}}}}}...}}}}}}}}}}}}}}}}}}}....}}}}}}.}}}}}}}}}}}}}}}}}}}}}}}}}}}}}}}}}}}}} }}}}}}}}}}}}}}}}}}}}}}}}}}}}}}}}}}}}}}}}}}}}}}}}}}}}}}}}}}}}}}}}}}}}}}}}}}}} Grux the Warrior St:25 Dx:16 Co:18 In:14 Wi:14 Ch:13 Lawful S:447280 Dlvl:26 $:0 HP:0(141) Pw:27(27) AC:-29 Xp:14/93277 T:45470 Latest messages: A spear misses you. The ogre queen swings her club. The ogre queen hits! You hit the ogre queen! You hit the ogre queen! The ogre queen swings her club. The ogre queen hits! You kill the ogre queen! There is an ogre queen corpse here; eat it? [ynq] (n) y This ogre queen corpse is tough. You finish eating the ogre queen corpse. You are now most skilled in saber. The tengu appears next to you! You descend the stairs. You hear someone counting gold coins. What do you want to use or apply? [fgikstX or ?*] g You are now wearing a blindfold. You can't see any more. What do you want to use or apply? [fgikstX or ?*] g You were wearing an uncursed blindfold. You can see again. There are several objects here. You descend the stairs. What do you want to put on? [gy or ?*] y Which ring-finger, Right or Left? [rl] r You start to float in the air! y - an uncursed ring of levitation (on right hand). You kill the monkey! You were wearing an uncursed ring of levitation (on right hand). You float gently to the floor. Your danger sense causes you to take a second look close by. You find a kraken. What do you want to wield? [- abkt or ?*] a a - the blessed rustproof +6 Mjollnir (weapon in hand). b - a silver saber named Grayswandir (alternate weapon; not wielded). The massive hammer hits! Lightning strikes the kraken! The kraken hits! The kraken hits again! The kraken swings itself around you! The kraken bites! The massive hammer hits! Lightning strikes the kraken! The kraken misses! The kraken misses! The kraken drowns you... Do you want your possessions identified? [ynq] (y) y Do you want to see your attributes? [ynq] (y) y Do you want an account of creatures vanquished? [ynaq] (y) y Do you want a list of extinct species? [ynaq] (y) y Do you want to see your conduct and achievements? [ynq] (y) y Do you want to see the dungeon overview? [ynq] (y) y Inventory: Weapons b - the blessed +4 Grayswandir (alternate weapon; not wielded) a - the blessed rustproof +6 Mjollnir (weapon in hand) Armor I - a blessed +5 elven leather helm (being worn) e - a blessed rustproof +5 pair of gauntlets of power (being worn) c - a blessed fireproof +2 pair of speed boots (being worn) r - a blessed +4 shield of reflection (being worn) W - an uncursed thoroughly burnt rotted +0 cloak of invisibility q - a blessed +5 gray dragon scale mail (being worn) Comestibles M - 5 uncursed food rations p - an uncursed lizard corpse Rings y - an uncursed ring of levitation Tools s - an uncursed sack containing 10 items i - the Bell of Opening (0:3) g - an uncursed blindfold f - the blessed Orb of Fate (0:5) t - a +0 pick-axe X - an uncursed skeleton key k - a blessed +0 unicorn horn Gems/Stones L - an uncursed ruby n - 2 uncursed luckstones Contents of the sack: an uncursed amulet of ESP an uncursed scroll of blank paper a blessed scroll of charging an uncursed scroll of charging an uncursed scroll of enchant weapon a blessed scroll of identify an uncursed scroll of identify an uncursed potion of water a blessed magic marker (0:27) 11 uncursed partly used tallow candles Grux the Valkyrie's attributes: Background: You were a Warrior, a level 14 human Valkyrie. You were lawful, on a mission for Tyr who was opposed by Odin (neutral) and Loki (chaotic). You were in the Dungeons of Doom, on level 26. You entered the dungeon 45470 turns ago. You had 93277 experience points, 66723 more were needed to attain level 15. Your score was 447280 before end-of-game adjustments. Basics: You had 0 out of 141 hit points. You had all 27 energy points (spell power). Your armor class was -29. Your wallet was empty. Autopickup was off. Final Characteristics: Your strength was 25 (base:18/07, innate limit:18/100). Your dexterity was 16 (limit:18). Your constitution was 18 (limit:18). Your intelligence was 14 (limit:18). Your wisdom was 14 (limit:18). Your charisma was 13 (limit:18). Final Status: You were held by a kraken (southwest). You were not hungry. You were unencumbered. You were wielding a hammer. You had expert skill with hammer. Final Attributes: You were the Hand of Elbereth. You were piously aligned. You were magic-protected. You were fire resistant. You were cold resistant. You were sleep resistant. You were shock resistant. You were poison resistant. You saw invisible. You were telepathic. You were warned. You were stealthy. You could teleport. You had teleport control. You had a small defense bonus (+4). You were warded. You took half physical damage. You took half spell damage. You were very fast. You had reflection. You were extremely lucky. You had extra luck. Good luck did not time out for you. You are dead. Miscellaneous: You never encountered a bones level. Total elapsed playing time was 14 hours, 29 minutes and 48 seconds. Major events: Turn 1: grux the lawful human Valkyrie entered the dungeon 1051: attained the rank of Skirmisher (level 3) 2252: attained the rank of Fighter (level 6) 6156: entered the Gnomish Mines 6267: reached Mine Town 6866: was bestowed with Mjollnir by Tyr 11947: entered Sokoban 12637: attained the rank of Woman-at-arms (level 10) 20626: acquired the Mines' End luckstone 24050: was crowned "The Hand of Elbereth" by Tyr 25772: just blew up her bag of holding 28556: made her first wish - "a blessed +2 gray dragon scale mail", got "a gray dragon scale mail" 30714: killed Medusa 32406: wished for "2 blessed scroll of charging", got "a scroll of charging" 32406: wished for "a blessed +2 rustproof gauntlets of power", got "a pair of old gloves" 37027: entered Gehennom 37167: found Sunsword on the floor 41998: attained the rank of Warrior (level 14) 43679: found the Orb of Fate on the floor 43695: killed Lord Surtur 43697: acquired the Bell of Opening 44100: wished for "a wand of polymorph", got "a platinum wand" 45052: wished for "+2 blessed fireproof speed boots", got "a pair of mud boots" 45060: made her first artifact wish - "+2 blessed Grayswandir", got "a silver saber named Grayswandir" 45470: drowned in a pool of water by a kraken Vanquished creatures: Medusa an Archon an iron golem a storm giant a purple worm a gray dragon a gold dragon 2 silver dragons a black dragon a blue dragon 2 green dragons a yellow dragon 2 minotaurs Lord Surtur a baluchitherium a stone golem 2 master mind flayers an Olog-hai a pit fiend a sandestin a titanothere a trapper a baby blue dragon a baby yellow dragon 7 vampire leaders a captain 3 liches 2 nurses 2 lurkers above a golden naga 2 black puddings 3 vampires 2 lieutenants 28 ghosts a winged gargoyle 3 mind flayers 2 giant mimics 2 long worms 3 zruties 25 fire giants an ogre tyrant an ice troll 20 rock trolls 3 umber hulks 3 flesh golems 2 elven monarchs 3 doppelgangers 3 hezrous 2 bone devils 3 large mimics 3 wumpuses 4 stalkers 4 air elementals 2 fire elementals an earth elemental 2 water elementals a hill giant 3 giant mummies a black naga 5 xorns 5 giant zombies 4 elf-nobles 11 sergeants 6 water demons 7 vrocks 8 wargs a winter wolf 7 small mimics 5 warhorses 5 xans 5 ettin mummies 4 ogre leaders 3 quantum mechanics 11 trolls a sasquatch 4 sharks 5 gelatinous cubes 2 pyrolisks 4 large dogs 5 freezing spheres 3 flaming spheres 2 shocking spheres 2 large cats 2 tigers 3 gargoyles 3 dwarf rulers 7 tengu 2 ochre jellies 3 leocrottas 2 energy vortices a mountain centaur 6 stone giants 4 elf mummies 2 human mummies 4 red nagas a green slime 4 pythons 3 pit vipers 3 cobras 23 wraiths 4 carnivorous apes 6 ettin zombies 3 leather golems 3 Grey-elves 44 soldiers 2 watchmen 4 amorous demons 4 chameleons 5 crocodiles 8 giant beetles 4 quivering blobs 7 cockatrices 5 wolves a winter wolf cub 2 gremlins a spotted jelly 56 leprechauns 4 orc-captains 5 iron piercers 2 mumakil 5 giant spiders 2 scorpions 5 horses 2 ice vortices 3 black lights 2 vampire bats a forest centaur 7 gnome rulers 3 orc mummies 5 dwarf mummies 6 ogres 9 brown puddings 4 rust monsters 4 owlbears a yeti 3 gold golems 2 Green-elves 6 giant eels 11 lizards 2 dingoes a housecat 5 jaguars 2 dwarf leaders 3 blue jellies a gray unicorn 2 black unicorns 3 dust vortices 3 ravens 2 plains centaurs 3 gnome mummies 8 snakes 4 apes 8 human zombies 2 rope golems 6 Woodland-elves 8 soldier ants 77 fire ants 11 bugbears 2 imps 3 quasits 4 wood nymphs 5 water nymphs a mountain nymph 14 Mordor orcs 6 Uruk-hai 3 orc shamans 5 rock piercers 3 rock moles 9 ponies 4 fog clouds 6 yellow lights a shrieker 3 violet fungi 15 gnome leaders 13 gnomish wizards 6 kobold mummies 3 black naga hatchlings 2 gray oozes 6 elf zombies 7 ghouls 2 straw golems 2 jellyfish 21 giant ants 3 little dogs 12 floating eyes a kitten 8 dwarves 2 homunculi 2 kobold leaders a kobold shaman 29 hill orcs 25 rothes 4 rabid rats 6 centipedes 3 giant bats 5 monkeys 8 orc zombies 8 dwarf zombies 2 wererats 4 werejackals 11 iguanas 34 killer bees 6 acid blobs 2 gas spores 5 hobbits 2 manes 2 large kobolds 13 hobgoblins 8 giant rats 4 cave spiders 2 brown molds 2 yellow molds 3 red molds 65 gnomes 2 garter snakes 4 gnome zombies 13 geckos 6 jackals 2 foxes a kobold 2 goblins 2 sewer rats 11 grid bugs 5 lichens 4 kobold zombies 7 newts 1254 creatures vanquished. Extinct species: leprechauns (extinct) 1 species extinct. Voluntary challenges: You read items or engraved 73 times. You never engraved Elbereth. You never genocided any monsters. You never changed form. You used 6 wishes (1 for an artifact). You did not violate any of the special Sokoban rules. Achievements: You entered a shop. You attained the rank of Skirmisher. You attained the rank of Fighter. You entered the Gnomish Mines. You entered Minetown. You entered a temple. You entered Sokoban. You attained the rank of Woman-at-arms. You completed the Gnomish Mines. You defeated Medusa. You entered Gehennom. You attained the rank of Warrior. You had the Bell of Opening. The Dungeons of Doom: levels 1 to 29 Level 1: Level 2: Level 3: A general store, a sink. Level 4: "white unicorn here" A scroll shop. Stairs down to The Gnomish Mines. Level 5: Some altars. Level 6: Level 7: An altar, some fountains. Level 8: A fountain. Level 9: Many fountains. Level 10: "unicorn here" Some sinks. Stairs up to Sokoban, level 9. Level 11: A fountain. Level 12: An altar to Tyr. Level 13: An altar to Tyr. Portal to Fort Ludios. Level 14: Level 15: An altar to Tyr. Portal to The Quest. Level 16: A scroll shop. Level 17: A temple. Level 18: A primitive area. Level 19: Level 20: Level 21: A sink. Level 22: A grave. Level 23: A fountain. Level 24: Level 25: Level 26: <- You were here. Some fountains, many trees. Final resting place for you, drowned in a pool of water by a kraken. Level 27: Level 28: Level 29: A fountain. The castle. Connection to Gehennom. Gehennom: Level 30: Some graves. The Gnomish Mines: levels 5 to 12 Level 5: Level 6: Level 7: Many shops, a temple to Tyr, some fountains. Level 8: Level 9: Level 10: Level 11: Level 12: The Quest: levels 1 to 5 Level 1: A fountain. Completed quest for the Norn. Level 2: Level 3: Level 4: Level 5: Sokoban: Level 9: Unsolved. Fort Ludios: Level 1: Game over: ---------- / \ / REST \ / IN \ / PEACE \ / \ | grux | | 0 Au | | drowned in a | | pool of water by | | a kraken | | | | 2023 | *| * * * | * _________)/\\_//(\/(/\)/\//\/|_)_______ Farvel grux the Valkyrie... You drowned in The Dungeons of Doom on dungeon level 26 with 447280 points, and 0 pieces of gold, after 45470 moves. You were level 14 with a maximum of 141 hit points when you drowned.